AoeStats
← _LX_

Arabia

508239337Analyzed
4v4 RM · 10d ago on Sep 21, 2026· 25m 6s· 8 players
Game mode
Random Map
Map size
Large (8 player)
Population
200
Speed
Normal
Resources
Standard
Victory
Conquest
Starting age
Dark Age
Ending age
Imperial Age
RankedLock teamsTeams togetherTeam positionsShared explorationLock speedFull tech treeHidden civsTurbo modeCheats
Victory
Defeat
1633
+10
🇲🇽 Burgundians · Mexico
1603
+11
🇦🇷 Ethiopians · Argentina
1505
+15
🇦🇷 Gurjaras · Argentina
1450
+16
🇨🇳 Maya · China
1556
-17
🇨🇳 Persians · China
1482
-13
🇭🇰 Poles · Hong Kong SAR China
1436
-11
🇨🇳 Jurchens · China
1434
-11
拿捏木村
6:40 Loom
9:21 Feudal Age
9:52 Double-Bit Axe
10:36 Horse Collar
14:57 Bloodlines
18:11 Forging
20:12 Scale Barding Armor
27:14 Castle Age
_LX_
3:22 Loom
10:42 Feudal Age
11:39 Double-Bit Axe
17:19 Horse Collar
21:30 Castle Age
21:01 Fletching
21:11 Padded Archer Armor
24:17 Wheelbarrow
seabed
0:30 Loom
9:24 Feudal Age
10:22 Double-Bit Axe
13:52 Fletching
15:39 Padded Archer Armor
23:37 Castle Age
23:54 Castle Age
24:00 Crossbowman
24:36 Bodkin Arrow
小鸡
6:19 Loom
8:55 Feudal Age
9:16 Double-Bit Axe
10:28 Town Watch
15:36 Scale Barding Armor
23:39 Bloodlines
[NOGG] HaZarD10S
4:11 Double-Bit Axe
7:09 Loom
9:14 Feudal Age
10:45 Bow Saw
13:06 Horse Collar
15:52 Scale Barding Armor
17:45 Wheelbarrow
18:01 Forging
21:55 Castle Age
20:16 Gold Mining
20:30 Heavy Plow
22:05 Cavalier
24:31 Gold Shaft Mining
25:19 Chain Barding Armor
24:23 Light Cavalry
que estas haciendo gonorrea?
0:26 Loom
9:35 Feudal Age
10:42 Double-Bit Axe
13:36 Fletching
17:51 Wheelbarrow
22:31 Castle Age
20:26 Horse Collar
21:17 Gold Mining
21:46 Padded Archer Armor
22:32 Crossbowman
23:11 Bodkin Arrow
24:04 Bow Saw
Cyndaquil
8:26 Feudal Age
7:28 Loom
9:13 Double-Bit Axe
13:51 Horse Collar
16:05 Scale Barding Armor
18:36 Town Watch
19:34 Wheelbarrow
19:21 Forging
20:30 Bloodlines
22:28 Town Watch
24:52 Castle Age
23:15 Gold Mining
23:53 Town Watch
24:55 Light Cavalry
25:56 Chain Barding Armor
25:42 Husbandry
Francisco Pizarron
6:40 Loom
8:54 Feudal Age
10:00 Double-Bit Axe
13:41 Horse Collar
13:57 Fletching
15:04 Padded Archer Armor
24:15 Castle Age
25:03 Bodkin Arrow
24:29 Crossbowman
25:22 Bow Saw
Connection lost

Rejoining the realm…

Still unreachable

The connection could not be restored.

Session expired

The server has moved on; the page needs a fresh start.